 Dungeon Crawl Stone Soup version 0.20.0-10-g0535bb4 (webtiles) character file.

613 Zwobot the Chucker (level 7, 0/54 HPs)
             Began as a Demonspawn Assassin on June 7, 2017.
             Was an Initiate of Okawaru.
             Slain by a black bear (6 damage)
             ... on level 5 of the Dungeon.
             The game lasted 00:21:30 (4487 turns).

Zwobot the Chucker (Demonspawn Assassin)            Turns: 4487, Time: 00:21:31

Health: 0/54       AC:  9    Str: 16    XL:     7   Next: 20%
Magic:  16/16      EV: 13    Int: 17    God:    Okawaru [......]
Gold:   54         SH:  0    Dex: 17    Spells: 6/6 levels left

rFire    . . .     SeeInvis +   F - +0 trident
rCold    . . .     Gourm    .   (no shield)
rNeg     . . .     Faith    .   D - +1 leather armour of Follow the Leader {rPois rCorr MP+9 Int+2}
rPois    +         Spirit   .   (helmet restricted)
rElec    .         Reflect  .   d - +0 cloak
rCorr    +         Harm     .   j - +0 pair of gloves
MR       .....                  (no boots)
Stlth    ++........             (no amulet)
Regen    0.2/turn               s - ring of see invisible
MPRegen  0.2/turn               q - +3 ring of dexterity

@: mighty, hasted, very quick
A: horns 2, icy blue scales 2
a: Renounce Religion


You were on level 5 of the Dungeon.
You worshipped Okawaru.
Okawaru was noncommittal.
You were not hungry.

You visited 2 branches of the dungeon, and saw 6 of its levels.

You collected 257 gold pieces.
You spent 203 gold pieces at shops.

Inventory:

Hand Weapons
 a - a +2 dagger
 b - a +0 blowgun
 w - a +0 short sword
 F - a +0 trident (weapon)
Missiles
 e - 3 poisoned needles
 f - 2 curare-tipped needles
 l - 37 bolts
 n - 3 tomahawks (quivered)
Armour
 d - a +0 cloak (worn)
 j - a +0 pair of gloves (worn)
 D - the +1 leather armour of Follow the Leader (worn) {rPois rCorr MP+9 Int+2}
   (You bought it in a shop on level 4 of the Dungeon)

   It affects your intelligence (+2).
   It protects you from poison.
   It affects your magic capacity (+9).
   It protects you from acid and corrosion.
Jewellery
 o - an uncursed ring of ice
 q - a +3 ring of dexterity (right hand)
 s - a ring of see invisible (left hand)
 u - a +2 ring of intelligence
Wands
 x - a wand of polymorph (20/24)
Scrolls
 c - a scroll of immolation {unknown}
 i - a scroll of magic mapping {unknown}
 k - 3 scrolls of teleportation
 p - a scroll of blinking {unknown}
 r - 2 scrolls of identify {unknown}
 v - a scroll of fear {unknown}
 y - a scroll of remove curse {unknown}
 E - a scroll of fog {unknown}
Potions
 z - a potion of curing {unknown}
 A - a potion of lignification {unknown}
 B - a potion of might
 C - 4 potions of mutation {unknown}
Comestibles
 g - 5 bread rations
 m - 3 fruits
 t - a meat ration


   Skills:
 - Level 4.0 Fighting
 - Level 1.7 Short Blades
 - Level 6.0 Throwing
 + Level 2.6 Dodging
 - Level 3.6 Stealth


You had 6 spell levels left.
You didn't know any spells.

Dungeon Overview and Level Annotations

Branches:
Dungeon (5/15)             Temple (1/1) D:5

Altars:
Ashenzari
Dithmenos
Elyvilon
Fedhas
Gozag
Kikubaaqudgha
Nemelex Xobeh
Okawaru
Qazlal
Ru
Sif Muna
Trog
Uskayaw
Vehumet
Xom
Yredelemnul

Shops:
D:4 *

Annotations:
D:3 pib's ghost, amateur DEFE
D:4 Menkaure


Innate Abilities, Weirdness & Mutations

You have a pair of horns on your head.
You are mostly covered in icy blue scales. (AC +3)


Message History

The black bear bites you. The black bear closely misses you.
The black bear claws you but does no damage.
The black bear barely misses you. The black bear closely misses you.
The black bear misses you.
You closely miss the black bear.
The black bear is almost dead.
The black bear barely misses you. The black bear closely misses you.
The black bear claws you. The black bear completely misses you.
The black bear claws you.
* * * LOW HITPOINT WARNING * * *
The black bear claws you but does no damage.
It was a potion of might.
You feel very mighty all of a sudden.
The black bear bites you but does no damage.
The black bear claws you.
* * * LOW HITPOINT WARNING * * *
The black bear claws you.
* * * LOW HITPOINT WARNING * * *
It was a potion of haste.
You feel yourself speed up. The black bear bites you.
You die...

#######.############ ######
...................# #(#...
#######.####.#####.# #.....
#.# #.....#.# #.#.## #.#
#.###.#.# #.#.# # #.# #.#
#.#.# #.#<# ..#
#.####.###.#.## #(#.#
....#####.....[.......###.#.##
.............@h...(...........
##...................###.#..#
#..####..#.#........# #.#...
.....#................###.#..8
..............................
...#.....#.###...#[..##.#..8
.. #######.###...#...##.#...
................[.......8
#######.#####.#..#.#.#...


You could see a black bear (berserk).

Vanquished Creatures
  Blork the orc (D:4)
  A scorpion (D:5)
  A howler monkey (D:3)
  2 crimson imps (D:5)
  A jelly (D:5)
  2 hounds
  4 worker ants
  3 gnolls (D:3)
  7 adders
  5 worms
  2 dart slugs (D:1)
  4 leopard geckos
  12 orcs
  7 giant cockroaches
  6 hobgoblins
  16 jackals
  A ball python (D:1)
  A ball python skeleton (D:4)
  5 bats
  4 frilled lizards
  3 goblins
  A jackal skeleton (D:4)
  8 kobolds
  8 rats
105 creatures vanquished.

Notes
Turn   | Place    | Note
-------+----------+-------------------------------------------
     0 | D:1      | Zwobot the Demonspawn Assassin began the quest for the Orb.
     0 | D:1      | Reached XP level 1. HP: 16/16 MP: 1/1
   300 | D:1      | Gained mutation: You have a pair of small horns on your head. [demonic ancestry]
   300 | D:1      | Reached XP level 2. HP: 14/23 MP: 2/2
   939 | D:1      | Reached XP level 3. HP: 27/29 MP: 3/3
  1740 | D:2      | Reached skill level 2 in Throwing
  1937 | D:3      | Reached XP level 4. HP: 37/37 MP: 4/4
  2128 | D:3      | Noticed pib's ghost (amateur DEFE)
  2401 | D:3      | Reached skill level 3 in Throwing
  2546 | D:3      | Gained mutation: You are partially covered in icy blue scales. (AC +2) [demonic ancestry]
  2546 | D:3      | Reached XP level 5. HP: 28/42 MP: 5/5
  2755 | D:3      | Found a sacrificial altar of Ru.
  2944 | D:3      | Reached skill level 4 in Throwing
  3343 | D:4      | Found Iheluat's Assorted Antiques.
  3347 | D:4      | Bought a polished leather armour for 203 gold pieces
  3357 | D:4      | Identified the +1 leather armour of Follow the Leader {rPois rCorr MP+9 Int+2} (You bought it in a shop on level 4 of the Dungeon)
  3399 | D:4      | Gained mutation: You are mostly covered in icy blue scales. (AC +3) [demonic ancestry]
  3399 | D:4      | Reached XP level 6. HP: 44/48 MP: 6/6
  3405 | D:4      | Reached skill level 5 in Throwing
  3432 | D:4      | Found an opulent altar of Gozag.
  3512 | D:4      | Noticed Blork the orc
  3597 | D:4      | Killed Blork the orc
  3672 | D:4      | Noticed Menkaure
  3693 | D:5      | Entered Level 5 of the Dungeon
  3750 | D:5      | Reached skill level 6 in Throwing
  3787 | D:5      | Reached skill level 1 in Dodging
  3861 | D:5      | Gained mutation: You have a pair of horns on your head. [demonic ancestry]
  3861 | D:5      | Reached XP level 7. HP: 38/54 MP: 7/7
  3939 | D:5      | Found a staircase to the Ecumenical Temple.
  3978 | Temple   | Entered the Ecumenical Temple
  4253 | Temple   | Became a worshipper of Warmaster Okawaru
  4487 | D:5      | Slain by a black bear

Skill      XL: |  1  2  3  4  5  6  7 |
---------------+----------------------+-----
Fighting       | 3 4 |  4.0
Throwing       | 2 3 4 6 |  6.0
Dodging        | 1 2 |  2.6
Short Blades   | |  1.7
Stealth        | |  3.6

Action                   |  1- 3 |  4- 6 |  7- 9 || total
-------------------------+-------+-------+-------++-------
Melee: Dagger            |    76 |   164 |       ||   240
       Headbutt          |     5 |    23 |     2 ||    30
       Trident           |       |       |    14 ||    14
 Fire: Blowgun           |    48 |   106 |    25 ||   179
  Use: Scroll            |       |     3 |       ||     3
       Potion            |       |       |     2 ||     2
 Stab: Sleeping          |    10 |     4 |       ||    14
  Eat: Chunk             |     3 |     4 |     1 ||     8
       Royal jelly       |       |     1 |       ||     1
       Fruit             |       |       |     1 ||     1
Armor: Robe              |    39 |    38 |       ||    77
       Leather armour    |       |    31 |    18 ||    49
Dodge: Dodged            |    54 |   116 |    23 ||   193
